 Dungeon Crawl Stone Soup version 0.19.1 (console) character file.

762 Kloppie the Carver (level 7, -4/57 HPs)
             Began as a White Draconian Berserker on Dec 18, 2016.
             Was a Priest of Trog.
             Slain by an ogre
             ... wielding a +0 giant spiked club
              (16 damage)
             ... on level 4 of the Dungeon.
             The game lasted 00:05:47 (3051 turns).

Kloppie the Carver (White Draconian Berserker)      Turns: 3051, Time: 00:05:47

Health: -4/57      AC:  8    Str: 19    XL:     7   Next: 51%
Magic:  7/7        EV: 13    Int:  8    God:    Trog [***...]
Gold:   105        SH:  0    Dex: 12    Spells: 0 memorised, 6 levels left

rFire  . . .     SeeInvis .     a - +0 falchion
rCold  + . .     Gourm    .     (armour unavailable)
rNeg   . . .     Faith    .     (no shield)
rPois  .         Spirit   .     (helmet restricted)
rElec  .         Reflect  .     (no cloak)
rCorr  .         Harm     .     h - +0 pair of gloves
MR     .....                    s - +0 pair of boots
Stlth  +.........               (no amulet)
                                (no ring)
                                (no ring)

@: exhausted, slowed, very slow
A: breathe frost, unfitting armour, cold resistance 1, cold-blooded, AC +6
a: Breathe Frost, Berserk, Trog's Hand, Burn Spellbooks, Renounce Religion


You were on level 4 of the Dungeon.
You worshipped Trog.
Trog was most pleased with you.
You were very hungry.

You visited 1 branch of the dungeon, and saw 4 of its levels.

You collected 105 gold pieces.

Inventory:

Hand Weapons
 a - a +0 falchion (weapon)
Armour
 h - a +0 pair of gloves (worn)
 s - a +0 pair of boots (worn)
Jewellery
 g - a +3 ring of dexterity {unknown}
 r - a +2 ring of strength {unknown}
Scrolls
 c - 2 scrolls of enchant weapon {unknown}
 j - a scroll of remove curse {unknown}
 k - 2 scrolls of fear {unknown}
 l - 2 scrolls of teleportation {unknown}
 m - a scroll of random uselessness {unknown}
 o - 2 scrolls of identify {unknown}
 q - 3 scrolls of recharging {unknown}
 t - a scroll of immolation {unknown}
Potions
 e - 2 potions of curing
 n - a potion of resistance
Comestibles
 b - 4 bread rations
 f - a beef jerky
 i - a royal jelly
 p - a chunk of flesh


   Skills:
 - Level 3.2 Fighting
 + Level 9.0 Long Blades
 - Level 2.6 Dodging


You had 6 spell levels left.
You didn't know any spells.

Dungeon Overview and Level Annotations

Branches:
Dungeon (4/15)
 Temple: D:4-7

Altars:
Xom


Innate Abilities, Weirdness & Mutations

You can breathe waves of freezing cold.
You can buffet flying creatures when you breathe cold.
Your icy white scales are hard. (AC +6)
You cannot fit into any form of body armour.
Your flesh is cold resistant. (rC+)
You are cold-blooded and may be slowed by cold attacks.


Message History

Your Long Blades skill increases to level 9!
You feel sick.
You see here a hound corpse.
You feel a strong urge to attack something.
An ogre comes into view. It is wielding a giant spiked club.
The ogre shouts!
You feel your anger subside.
You are no longer berserk.
You are exhausted.
You feel yourself slow down. The worm bites you.
* * * LOW HITPOINT WARNING * * *
You slash the worm! You tail-slap the worm.
The worm is heavily wounded. 2 gnolls come into view.
You feel sick. The ogre closely misses you.
You riposte.
You barely miss the ogre.
You feel sick.
You are no longer poisoned.
You see here a hound corpse.
The ogre hits you with a giant spiked club!
You die...

.. #.###.# ...
#.....####+##.
...#####p.........
...#..........##
#.#...#......#
#....######### ####
###..#
..#########.#
#.#..O@.....#
...#.##.#w###..####
..gg......# #.[#
##..[.[#### #..#
#..... #..# ......)
#..# ...#### #..#
.. ...# . ....


You could see an ogre and a worm.

Vanquished Creatures
  Pikel (D:3)
  A slave (D:3)
  A scorpion (D:4)
  A hound (D:4)
  An iguana (D:3)
  Ijyb (D:2)
  A worker ant (D:4)
  2 adders (D:2)
  7 gnolls
  2 worms
  2 dart slugs (D:2)
  3 leopard geckos
  An orc (D:3)
  A ball python (D:2)
  5 giant cockroaches
  19 goblins
  9 hobgoblins
  2 jackals (D:1)
  5 kobolds
  2 quokkas
  7 bats
  4 frilled lizards
  5 rats (D:2)
83 creatures vanquished.

Vanquished Creatures (others)
  5 dream sheep (D:3)
5 creatures vanquished.

Grand Total: 88 creatures vanquished

Notes
Turn   | Place    | Note
-------+----------+-------------------------------------------
     0 | D:1      | Kloppie the Draconian Berserker began the quest for the Orb.
     0 | D:1      | Reached XP level 1. HP: 19/19 MP: 1/1
   149 | D:1      | Reached XP level 2. HP: 26/26 MP: 2/2
   311 | D:1      | Reached skill level 4 in Long Blades
   628 | D:2      | Reached XP level 3. HP: 31/31 MP: 3/3
   629 | D:2      | Reached ** piety under Trog
   761 | D:2      | Reached skill level 5 in Long Blades
   761 | D:2      | Reached XP level 4. HP: 26/38 MP: 4/4
  1529 | D:2      | Noticed Ijyb
  1545 | D:2      | Killed Ijyb
  1545 | D:2      | Reached XP level 5. HP: 39/45 MP: 5/5
  1611 | D:2      | Reached skill level 6 in Long Blades
  2301 | D:3      | Found a faded altar of an unknown god.
  2517 | D:3      | Reached *** piety under Trog
  2566 | D:3      | Found a shimmering altar of Xom.
  2566 | D:3      | Noticed a dream sheep
  2566 | D:3      | Noticed a dream sheep
  2566 | D:3      | Noticed a dream sheep
  2566 | D:3      | Noticed a dream sheep
  2566 | D:3      | Noticed a dream sheep
  2572 | D:3      | Killed a dream sheep
  2572 | D:3      | Killed a dream sheep
  2573 | D:3      | Killed a dream sheep
  2573 | D:3      | Killed a dream sheep
  2575 | D:3      | Killed a dream sheep
  2888 | D:4      | Noticed Pikel
  2888 | D:4      | Noticed a slave
  2888 | D:4      | Noticed a slave
  2905 | D:4      | Noticed a slave
  2921 | D:3      | Killed a slave
  2931 | D:3      | Killed Pikel
  2931 | D:3      | Reached skill level 8 in Long Blades
  2931 | D:3      | Reached XP level 6. HP: 43/51 MP: 6/6
  2931 | D:3      | Your scales start taking on an icy white colour.
  2931 | D:3      | Reached XP level 7. HP: 48/57 MP: 7/7
  2931 | D:3      | Gained mutation: Your flesh is cold resistant. (rC+) [White Draconian growth]
  3042 | D:4      | Reached skill level 9 in Long Blades
  3051 | D:4      | Slain by an ogre

Skill      XL: |  1  2  3  4  5  6  7 |
---------------+----------------------+-----
Long Blades    | 4 5 8 9 |  9.0
Fighting       | |  3.2
Dodging        | |  2.6

Action                   |  1- 3 |  4- 6 |  7- 9 || total
-------------------------+-------+-------+-------++-------
Melee: Falchion          |    73 |   173 |    33 ||   279
       Tailslap          |    12 |    16 |     5 ||    33
Invok: Berserk           |       |     1 |     1 ||     2
 Abil: Breathe Frost     |       |       |     1 ||     1
  Use: Potion            |       |     3 |       ||     3
  Eat: Chunk             |       |     7 |     1 ||     8
Armor: Skin              |    32 |    49 |    10 ||    91
Dodge: Dodged            |    60 |    97 |    20 ||   177
       Rpst.: Falchion   |    18 |    29 |     6 ||    53
